 Dungeon Crawl Stone Soup version 0.31.0-12-g77e489cdc1 (webtiles) character file.

Game seed: 12755814363417204450

107 Marvel the Chopper (level 4, 0/40 HPs)
             Began as a Hill Orc Fighter on Feb 25, 2024.
             Slain by Sigmund
             ... wielding a +1 scythe of protection
              (3 damage)
             ... on level 3 of the Dungeon.
             The game lasted 00:03:50 (2427 turns).

Marvel the Chopper (Hill Orc Fighter)               Turns: 2427, Time: 00:03:51

Health: 0/40       AC:  7    Str: 20    XL:     4   Next: 86%
Magic:  4/4        EV:  9    Int:  8    God:
Gold:   815        SH:  4    Dex: 10    Spells: 3/3 levels left

rFire   . . .        a - +0 war axe
rCold   . . .        s - +0 buckler {reflect}
rNeg    . . .        b - +0 scale mail
rPois   .            (no helmet)
rElec   .            (no cloak)
rCorr   .            (no gloves)
SInv    .            (no boots)
Will    .....        (no amulet) Stlth
                     (no ring)
HPRegen 0.26/turn    (no ring)
MPRegen 0.09/turn

%: reflection
@: mighty, weak-willed, attractive
A: no striking features
a: no special abilities


You were on level 3 of the Dungeon.
You visited 1 branch of the dungeon, and saw 3 of its levels.

You collected 965 gold pieces.
You spent 150 gold pieces at shops.

Inventory:

Hand Weapons
 a - a +0 war axe (weapon)
Armour
 b - a +0 scale mail (worn)
 c - a +0 buckler
 s - a +0 buckler of reflection (worn)
Jewellery
 i - a ring of fire
 n - a +4 ring of protection
Wands
 j - a wand of paralysis (12)
Scrolls
 l - a scroll of fog {unknown}
Potions
 f - a potion of resistance {unknown}
 g - a potion of berserk rage {unknown}
 m - a potion of degeneration {unknown}


   Skills:
 + Level 4.1 Fighting
 + Level 4.2 Axes
 + Level 4.2 Armour
 + Level 0.4 Dodging
 + Level 4.0 Shields


You had 3 spell levels left.
You didn't know any spells.
Your spell library contained the following spells:

 Spells                   Type           Power      Damage    Failure   Level
 Hailstorm                Conj/Ice       0%         3d5       99%         3
 Summon Ice Beast         Ice/Summ       0%         N/A       99%         3
 Sculpt Simulacrum        Ice/Alch       0%         N/A       100%        6


Dungeon Overview and Level Annotations

Branches:
Dungeon (3/15)

Altars:

Shops:
D:2 [

Annotations:
D:3 Sigmund


Message History

It was a scroll of vulnerability.
As you read the scroll labelled KOINUO VOOPE, it crumbles to dust.
You feel aware of your surroundings.
It was a scroll of revelation.
Sigmund hits you with a +1 scythe of protection!
* * * LOW HITPOINT WARNING * * *
It was a potion of heal wounds.
You feel much better. Something hits you but does no damage.
You hit something. You block something's attack.
You barely miss something. You closely miss something.
Something hits you but does no damage.
You hit something but do no damage.
You hear some strange, mumbled words.
Something tries to affect you, but you resist.
You hear some strange, mumbled words.
A puff of flame appears from out of thin air!
The puff of flame hits you.
You miss something. Something hits you but does no damage.
Okay, then.
You slash something! Something hits you.
You closely miss something. You hit something. Something hits you.
You closely miss something.
You hear some strange, mumbled words.
Something tries to affect you, but you resist.
You hear some strange, mumbled words.
A magic dart appears from out of thin air!
The magic dart hits you.
* * * LOW HITPOINT WARNING * * *
You feel very mighty all of a sudden. Something hits you!
* * * LOW HITPOINT WARNING * * *
You closely miss something. Something hits you.
* * * LOW HITPOINT WARNING * * *
You barely miss something. You closely miss something.
You hear some strange, mumbled words.
A puff of flame appears from out of thin air!
The puff of flame misses you. Something hits you but does no damage.
You barely miss something. Something hits you.
You die...

...#########....##>#.........####
.#.# ###.....#.##.......## # ##.#
#####.#.#.###.....## #.#
#####.#.#.####...## #.#
#####.#.#.#####+## #.#
#####.....#####,* ##.#
#######.#######,* ...#
#######.#######,** ####
#######@######.,,**
######.{.####..,,,*
#####.....##.$.,,***
####.......#.#.,,,,*****
####.........#.,,,,,,,,,
####.......###.,**,*****
#####.....####.,**,*
######...#####.,**,* #####
*,,,,,*


There were no monsters in sight!

Vanquished Creatures
  Ijyb (D:3)
  2 adders (D:2)
  3 dart slugs
  2 ribbon worms (D:2)
  2 orcs
  3 bats
  An endoplasm (D:2)
  5 goblins
  3 hobgoblins (D:1)
  6 jackals
  4 kobolds
  4 quokkas
  7 ball pythons
  4 frilled lizards
  4 rats
51 creatures vanquished.

Vanquished Creatures (others)
  A ball python (D:1)
1 creature vanquished.

Grand Total: 52 creatures vanquished

Notes
Turn   | Place    | Note
-------+----------+-------------------------------------------
     0 | D:1      | Marvel the Hill Orc Fighter began the quest for the Orb.
     0 | D:1      | Reached XP level 1. HP: 19/19 MP: 1/1
   164 | D:1      | Reached XP level 2. HP: 26/27 MP: 2/2
   466 | D:1      | Reached XP level 3. HP: 31/33 MP: 3/3
  1435 | D:2      | Found Opnierph's Antique Armour Shoppe.
  1510 | D:2      | Reached XP level 4. HP: 40/40 MP: 4/4
  1889 | D:2      | Bought a glowing buckler for 150 gold pieces
  2046 | D:3      | Found a faded altar of an unknown god.
  2052 | D:3      | Identified a scroll of acquirement
  2052 | D:3      | Acquired 812 gold pieces
  2225 | D:3      | Noticed Ijyb
  2226 | D:3      | Paralysed by Ijyb for 2 turns
  2233 | D:3      | Paralysed by Ijyb for 5 turns
  2240 | D:3      | Killed Ijyb
  2398 | D:3      | Noticed Sigmund
  2424 | D:3      | HP: 2/40 [something (3)]
  2427 | D:3      | Slain by Sigmund

Illustrated notes

Levels and vault maps discovered:
D:1:      heliophobic_arrival_glass_houses, layout_loops_corners,
          lemuel_flame_loot_1
D:2:      layout_basic, serial_shops, shop
D:3:      layout_loops_corners, shapermc_ecumenical_altar_starsandcircs,
          uniq_ijyb, uniq_sigmund, uniq_crazy_yiuf_cottage

Skill      XL: |  1  2  3  4 |
---------------+-------------+-----
Axes           | 3 4 |  4.2
Fighting       | 4 |  4.1
Armour         | 4 |  4.2
Shields        | 4 |  4.0
Dodging        | |  0.4

Action                     |  1- 3 |  4- 6 || total
---------------------------+-------+-------++-------
  Melee: War axe           |   113 |    70 ||   183
    Use: Scroll            |       |     8 ||     8
         Potion            |       |     3 ||     3
 Armour: Scale mail        |   102 |    60 ||   162
  Dodge: Dodged            |    63 |    30 ||    93
  Block: Buckler           |    35 |    18 ||    53
         Reflection        |       |     2 ||     2
